 Dungeon Crawl Stone Soup version 0.21.1-1-g345015f (webtiles) character file.

14 Iko the Conjurer (level 2, -2/19 HPs)
             Began as a Formicid Conjurer on May 4, 2018.
             Was an Initiate of Gozag.
             Slain by an adder (3 damage)
             ... on level 2 of the Dungeon.
             The game lasted 00:04:13 (523 turns).

Iko the Conjurer (Formicid Conjurer)                 Turns: 523, Time: 00:04:14

Health: -2/19      AC:  3    Str: 12    XL:     2   Next: 55%
Magic:  4/5        EV: 11    Int: 14    God:    Gozag
Gold:   50         SH:  0    Dex: 11    Spells: 4/5 levels left

rFire    . . .     SeeInvis +   e - +0 war axe
rCold    . . .     Gourm    .   (no shield)
rNeg     . . .     Faith    .   d - +0 leather armour
rPois    .         Spirit   .   (helmet unavailable)
rElec    .         Reflect  .   (no cloak)
rCorr    .         Harm     .   (no gloves)
MR       .....                  (no boots)
Stlth    ++........             (no amulet)
HPRegen  0.06/turn              (no ring)
MPRegen  0.09/turn              (no ring)

@: no status effects
A: permanent stasis, dig shafts and tunnels, four strong arms, antennae 3
a: Dig, Shaft Self, Potion Petition, Call Merchant, Bribe Branch, Renounce
Religion


You were on level 2 of the Dungeon.
You worshipped Gozag.
Gozag was noncommittal.
You were not hungry.

You visited 1 branch of the dungeon, and saw 2 of its levels.

You collected 71 gold pieces.
You paid 21 gold pieces to Gozag.

Inventory:

Hand Weapons
 e - a +0 war axe (weapon)
Armour
 a - a +0 ring mail
 d - a +0 leather armour (worn)
Books
 b - a book of Conjurations

   Spells                             Type                      Level
   a - Magic Dart                     Conjuration                  1
   b - Searing Ray                    Conjuration                  2
   c - Dazzling Spray                 Conjuration/Hexes            3
   d - Fulminant Prism                Conjuration/Hexes            4
   e - Force Lance                    Conjuration/Translocation    4
   f - Iskenderun's Mystic Blast      Conjuration                  4
Comestibles
 c - a ration


   Skills:
 + Level 0.4 Axes
 + Level 1.7 Dodging
 + Level 2.4 Stealth
 + Level 2.1 Spellcasting
 + Level 4.1 Conjurations


You had 4 spell levels left.
You knew the following spells:

 Your Spells              Type           Power        Failure   Level  Hunger
a - Magic Dart            Conj           ##..         5%          1    #......


Dungeon Overview and Level Annotations

Branches:
Dungeon (2/15)

Altars:
Gozag


Innate Abilities, Weirdness & Mutations

You cannot be hasted, slowed, berserked, paralysed or teleported.
You can dig through walls and to a lower floor.
Your four strong arms can wield two-handed weapons with a shield.
You have a pair of large antennae on your head. (SInv)


Message History

The jackal barely misses you.
The goblin moves out of view.
The jackal completely misses you.
You closely miss the jackal.
The jackal is moderately wounded.
The jackal barely misses you. The jackal closely misses you.
You barely miss the jackal.
The jackal is moderately wounded.
The adder is no longer distracted by gold.
The jackal bites you but does no damage. x2
The adder barely misses you.
Casting: Magic Dart
Confirm with . or Enter, or press ? or * to list all spells.
Aiming: Magic Dart
Press: ? - help, Shift-Dir - straight line, f - adder
Aim: an adder The magic dart hits the adder.
The adder is moderately wounded.
The jackal closely misses you. The adder bites you.
You die...
Your body crumbles into a pile of gold.

.h..h #...# #...#
{#...# #...# ########
#...#
#......###...#####
##....hg.......#
#....@S....###.##
#.#...............#
#.#..#.###.#.#.#..#
#......###.#......###
##..........#.#......#
#........####.####.#.#
####..#....... ..#
#.#<# .....#.##..#
#... ..#.###
#..#..#..# #.##
####...#


You could see an adder, a jackal and a goblin.

Vanquished Creatures
  A bat (D:1)
  7 jackals (D:2)
  A kobold (D:2)
  3 rats (D:2)
12 creatures vanquished.

Notes
Turn   | Place    | Note
-------+----------+-------------------------------------------
     0 | D:1      | Iko the Formicid Conjurer began the quest for the Orb.
     0 | D:1      | Reached XP level 1. HP: 13/13 MP: 3/3
   412 | D:2      | Found an opulent altar of Gozag.
   418 | D:2      | Became a worshipper of Gozag Ym Sagoz the Greedy
   477 | D:2      | Reached skill level 4 in Conjurations
   477 | D:2      | Reached XP level 2. HP: 19/19 MP: 5/5
   523 | D:2      | Slain by an adder

Skill      XL: |  1 |
---------------+----+-----
Conjurations   | 4 |  4.1
Axes           | |  0.4
Dodging        | |  1.7
Stealth        | |  2.4
Spellcasting   | |  2.1

Action                   || total
-------------------------++-------
Melee: Unarmed           ||     6
       War axe           ||    21
       Dagger            ||     3
 Cast: Magic Dart        ||     1
  Use: Potion            ||     1
Armor: Robe              ||     6
       Leather armour    ||    14
Dodge: Dodged            ||    41
